 Dungeon Crawl Stone Soup version 0.24-a0-537-g2d01d4a (console) character file.

Game seed: 5774011637724753400

2184 vegansnacktivist the Cleaver (level 9, -7/74 HPs)
             Began as a Deep Dwarf Fighter on Aug 16, 2019.
             Was an Initiate of Makhleb.
             Mangled by a cyan ugly thing (11 damage)
             ... on level 7 of the Dungeon.
             The game lasted 00:09:06 (3922 turns).

vegansnacktivist the Cleaver (Deep Dwarf Fighter)   Turns: 3922, Time: 00:09:06

Health: -7/74      AC:  9    Str: 24      XL:     9   Next: 11%
Magic:  6/6        EV:  7    Int:  8      God:    Makhleb [......]
Gold:   273        SH:  9    Dex:  9 (12) Spells: 8/8 levels left

rFire    . . .     SeeInvis .   a - +0 war axe
rCold    . . .     Gourm    .   c - +0 shield
rNeg     . . .     Faith    +   b - +0 scale mail
rPois    .         Spirit   .   h - +0 helmet
rElec    .         Reflect  .   u - +0 cloak
rCorr    .         Harm     .   (no gloves)
MR       +....                  (no boots)
Stlth    ..........             o - amulet of faith
HPRegen  0.00/turn              g - ring of attention
MPRegen  0.10/turn              y - ring of stealth

@: non-regenerating
A: damage resistance, heal wounds, sense surroundings 2, no regeneration
a: Heal Wounds, Renounce Religion


You were on level 7 of the Dungeon.
You worshipped Makhleb.
Makhleb was noncommittal.
You were hungry.

You visited 2 branches of the dungeon, and saw 8 of its levels.

You collected 350 gold pieces.
You spent 77 gold pieces at shops.

Inventory:

Hand Weapons
 a - a +0 war axe (weapon)
Missiles
 C - 2 datura-tipped darts (quivered)
 E - 23 poisoned darts
Armour
 b - a +0 scale mail (worn)
 c - a +0 shield (worn)
 h - a +0 helmet (worn)
 u - a +0 cloak (worn)
Jewellery
 g - a ring of attention (left hand)
 o - an amulet of faith (around neck)
 y - a ring of stealth (right hand)
Wands
 p - a wand of acid (6)
 r - a wand of paralysis (9)
 F - a wand of polymorph (19)
 G - a wand of clouds (5)
 N - a wand of flame (25)
Scrolls
 e - a scroll of remove curse
 i - a scroll of amnesia {unknown}
 j - 5 scrolls of identify {unknown}
 k - 2 scrolls of fog {unknown}
 l - 3 scrolls of teleportation {unknown}
 s - a scroll of magic mapping {unknown}
 z - 2 scrolls of blinking {unknown}
 B - 3 scrolls of fear {unknown}
 D - a scroll of noise {unknown}
 H - a scroll of enchant weapon {unknown}
 I - a scroll of enchant armour {unknown}
 K - a scroll of holy word {unknown}
 L - a scroll of random uselessness {unknown}
Potions
 d - a potion of might
 m - 3 potions of agility
 n - a potion of mutation {unknown}
 q - 2 potions of brilliance {unknown}
 t - a potion of heal wounds {unknown}
 v - a potion of flight {unknown}
 w - a potion of cancellation {unknown}
 x - 2 potions of curing
 A - a potion of ambrosia {unknown}
 J - a potion of resistance
Comestibles
 f - 12 rations


   Skills:
 - Level 2.6 Fighting
 + Level 12.9 Axes
 - Level 3.2 Armour
 - Level 3.2 Shields


You had 8 spell levels left.
You didn't know any spells.
Your spell library contained the following spells:

 Spells                   Type           Power        Failure   Level  Hunger
 Animate Skeleton         Necr           N/A          99%         1    ##.....
 Apportation              Tloc           #.....       99%         1    ##.....
 Beastly Appendage        Tmut           #.....       99%         1    ##.....
 Confusing Touch          Hex            #.....       99%         1    ##.....
 Corona                   Hex            #......      99%         1    ##.....
 Summon Small Mammal      Summ           #...         99%         1    ##.....
 Ensorcelled Hibernation  Hex/Ice        #.....       100%        2    ###....
 Sticks to Snakes         Tmut           #.......     100%        2    ###....
 Confuse                  Hex            #.......     100%        3    ####...
 Dazzling Spray           Conj/Hex       #.....       100%        3    ####...
 Spider Form              Tmut/Pois      #.........   100%        3    ####...
 Tukima's Dance           Hex            #.......     100%        3    ####...
 Ice Form                 Ice/Tmut       #.......     100%        4    #####..
 Blade Hands              Tmut           #.........   100%        5    ######.


Dungeon Overview and Level Annotations

Branches:
Dungeon (7/15)             Temple (1/1) D:6

Altars:
Ashenzari
Cheibriados
Dithmenos
Elyvilon
Fedhas
Gozag
Hepliaklqana
Kikubaaqudgha
Makhleb
Nemelex Xobeh
Okawaru
Qazlal
Ru
Trog
Uskayaw
Vehumet
Wu Jian
Xom
Yredelemnul
Zin
The Shining One

Shops:
D:4 !

Annotations:
D:3 3 runed translucent doors, sl00ts's ghost, amateur GnSk


Innate Abilities, Weirdness & Mutations

You are resistant to damage.
You can heal yourself by infusing magical energy.
You passively map the area around you.
You do not regenerate.


Message History

You hit the gnoll.
The gnoll is heavily wounded.
You hit the cyan ugly thing. The gnoll barely misses you.
The cyan ugly thing barely misses you.
You closely miss the gnoll.
The gnoll is heavily wounded.
You hit the cyan ugly thing but do no damage.
You block the gnoll's attack.
You closely miss the gnoll.
The gnoll is heavily wounded.
You slash the cyan ugly thing! The cyan ugly thing pecks you!
* * * LOW HITPOINT WARNING * * *
The cyan ugly thing shocks you!
* * * LOW HITPOINT WARNING * * *
The gnoll hits you but does no damage.
As you read the scroll labeled LAYTWUORHE, it crumbles to dust.
You feel as if something is helping you.
It was a scroll of remove curse.
The cyan ugly thing pecks you. The cyan ugly thing shocks you!
You die...

##....#...............(##....
#.#..#..........#....## ....
######..........#.....#*,#..
###..........#......# #..
#####............#......# ##..
###..####...).....<##.....###...
#....####.........###...........
#......##.....u..............#..
###....#.......@.......##..###..
###....#...##..g.#..........###.
#.##.......###.###.....:....).≈.
##.#....#...# ###
#..........)... #.......#...#
#.............. #...........##
####..#........ ##.....#<....#
#..#........ ##...##...###
###..#.#..... #...######
#...##.......


You could see a cyan ugly thing and a gnoll.

Vanquished Creatures
  Sigmund (D:5)
  Eustachio (D:6)
  Menkaure (D:6)
  Edmund (D:4)
  A sky beast (D:7)
  A phantom (D:6)
  3 ogres
  A centaur (D:6)
  3 bullfrogs
  A scorpion (D:5)
  A jelly (D:6)
  2 bullfrog zombies (D:6)
  3 crimson imps (D:5)
  A hound (D:4)
  A quasit (D:6)
  2 orc priests
  A centaur skeleton (D:4)
  A gnoll shaman (D:7)
  2 iguanas (D:5)
  Ijyb (D:3)
  5 orc wizards
  4 worker ants
  7 adders
  5 gnolls (D:7)
  An adder skeleton (D:7)
  An adder zombie (D:6)
  2 dart slugs (D:1)
  3 leopard geckos
  10 orcs
  3 ball pythons
  6 bats
  5 giant cockroaches
  3 goblins
  8 hobgoblins
  7 jackals
  6 kobolds
  A quokka (D:5)
  2 frilled lizards
  A leopard gecko zombie (D:7)
  A quokka skeleton (D:7)
  7 rats
117 creatures vanquished.

Vanquished Creatures (collateral kills)
  An orc wizard (D:6)
  2 gnolls (D:7)
  3 orcs (D:6)
  A jackal (D:6)
7 creatures vanquished.

Grand Total: 124 creatures vanquished

Notes
Turn   | Place    | Note
-------+----------+-------------------------------------------
     0 | D:1      | vegansnacktivist the Deep Dwarf Fighter began the quest for
                  | the Orb.
     0 | D:1      | Reached XP level 1. HP: 20/20 MP: 1/1
   280 | D:1      | Reached skill level 3 in Axes
   293 | D:1      | Reached XP level 2. HP: 27/27 MP: 2/2
   579 | D:1      | Reached XP level 3. HP: 31/33 MP: 3/3
   585 | D:1      | Reached skill level 4 in Axes
   870 | D:3      | Noticed Ijyb
   880 | D:3      | Killed Ijyb
   880 | D:3      | Reached XP level 4. HP: 40/40 MP: 4/4
   987 | D:3      | Found a runed translucent gate.
   988 | D:3      | Found a runed translucent gate.
   989 | D:3      | Found a runed translucent gate.
   989 | D:3      | Noticed sl00ts's ghost (amateur GnSk)
   989 | D:3      | Noticed a big kobold
  1022 | D:3      | Reached skill level 5 in Axes
  1225 | D:4      | Reached XP level 5. HP: 24/46 MP: 5/5
  1262 | D:4      | Reached skill level 6 in Axes
  1268 | D:4      | Noticed Edmund
  1280 | D:4      | Killed Edmund
  1280 | D:4      | Reached skill level 7 in Axes
  1280 | D:4      | Reached XP level 6. HP: 20/55 MP: 6/6
  1330 | D:4      | Found Ihuliw's Distillery.
  1338 | D:4      | Bought a potion of agility for 44 gold pieces
  1338 | D:4      | Bought a potion of curing for 33 gold pieces
  1816 | D:4      | Reached skill level 8 in Axes
  2005 | D:5      | Entered Level 5 of the Dungeon
  2039 | D:5      | Reached XP level 7. HP: 22/61 MP: 7/7
  2155 | D:5      | Reached skill level 9 in Axes
  2285 | D:5      | HP: 2/61 [iguana (7)]
  2513 | D:5      | Reached skill level 10 in Axes
  2578 | D:5      | Noticed Sigmund
  2586 | D:5      | Killed Sigmund
  2586 | D:5      | Reached XP level 8. HP: 29/68 MP: 8/8
  2849 | D:6      | Reached skill level 11 in Axes
  2850 | D:6      | Noticed Eustachio
  2863 | D:6      | Killed Eustachio
  3047 | D:6      | HP: 1/68 [ogre/+0 giant club (11)]
  3062 | D:6      | Reached skill level 12 in Axes
  3082 | D:6      | Noticed Menkaure
  3084 | D:6      | Killed Menkaure
  3125 | D:6      | Found a staircase to the Ecumenical Temple.
  3135 | Temple   | Entered the Ecumenical Temple
  3210 | Temple   | Became a worshipper of Makhleb the Destroyer
  3410 | D:6      | Gained mutation: You passively map the area around you.
                  | [Deep Dwarf growth]
  3410 | D:6      | Reached XP level 9. HP: 38/74 MP: 6/6
  3913 | D:7      | Noticed a cyan ugly thing
  3922 | D:7      | Mangled by a cyan ugly thing

Levels and vault maps discovered:
D:1:      tarquinn_simple_flora_water_a, layout_basic, minivault_27,
          minmay_tall_x
D:2:      layout_rooms, skrybe_limestone_x, grunt_qazlal_clouds
D:3:      layout_loops_corners, gammafunk_ghost_nasty_kobolds, uniq_ijyb
D:4:      layout_gridville, serial_shops, nicolae_shop_stone, uniq_edmund
D:5:      layout_gridville, first_ration, uniq_sigmund
D:6:      layout_basic, minmay_temple_entry_antechambers, uniq_menkaure,
          uniq_eustachio
D:7:      layout_cave_pools
Temple:   grunt_wide_crystal_templ

Skill      XL: |  1  2  3  4  5  6  7  8 |
---------------+-------------------------+-----
Axes           | 3 4 5 7 8 10 12 | 12.9
Fighting       | |  2.6
Armour         | |  3.2
Shields        | |  3.2

Action                   |  1- 3 |  4- 6 |  7- 9 || total
-------------------------+-------+-------+-------++-------
Melee: War axe           |    90 |   160 |   251 ||   501
Throw: Dart              |       |       |     8 ||     8
 Abil: Heal Wounds       |     1 |     1 |     8 ||    10
Evoke: Wand              |       |     3 |    12 ||    15
  Use: Scroll            |       |       |     1 ||     1
 Stab: Paralysed         |       |     7 |    12 ||    19
  Eat: Chunk             |       |     4 |     6 ||    10
Armor: Scale mail        |    44 |    74 |   126 ||   244
Dodge: Dodged            |    20 |    43 |    77 ||   140
Block: Shield            |    42 |    81 |   134 ||   257

Table legend:
 A = Non-vault XP
 B = Vault XP
 C = Vault XP percentage of total XP
 D = Non-vault monster count
 E = Vault monster count
 F = Vault count percentage of total count
                 A         B        C        D         E       F
            +---------+---------+-------+---------+---------+-------
      Total |    2327 |     794 |  25.4 |     115 |       9 |   7.3
            +---------+---------+-------+---------+---------+-------
        D:1 |      42 |       6 |  12.5 |      21 |       4 |  16.0
        D:2 |      14 |       0 |   0.0 |       7 |       0 |   0.0
        D:3 |      37 |      36 |  49.3 |      15 |       1 |   6.2
        D:4 |     379 |     169 |  30.8 |      15 |       1 |   6.2
        D:5 |     620 |     223 |  26.5 |      22 |       1 |   4.3
        D:6 |     943 |     360 |  27.6 |      21 |       2 |   8.7
        D:7 |     292 |       0 |   0.0 |      14 |       0 |   0.0
            +---------+---------+-------+---------+---------+-------
